Fleur, neutral female sylph Wizard ............ . ....................... #..... ... #..................... .......................... #.........@.............. #.............BBd............. # #.................W............. -............................^............ |.........................B............... --........................................ |.......................W................ |......... #......#...................... |. ##. # ...#..........#................ - ...#..#................... .. .# .. .. .i..}}}.......... #.# .....#....}}}}}}........ # #.# .....}}}}}}}}}}}..... # ## #. .....}}}}}}}}...... #.. .......}}}}}}}}}...... .. .........}}}}}........ ... ....................... Fleur the Thaumaturge Experience level: 8 Strength: 15 Dexterity: 9 Constitution: 13 Intelligence: 18 Wisdom: 18 Charisma: 9 Health: 0(50) Energy: 125(125) Def: 1 Gold: 46 Moves: 5672 Dungeon seed: 494TnS0XxW3M6ffP Game ID: Fleur_1463398935 Your Inventory: Coins $ - 46 gold pieces Amulets n - an uncursed amulet of reflection Weapons a - a blessed +1 quarterstaff A - a blessed +0 dagger (weapon in hand) B - the +0 Fire Brand (alternate weapon; not wielded) Armor e - an uncursed +0 cloak of magic resistance (being worn) q - an uncursed +0 pair of kicking boots Comestibles j - an uncursed eucalyptus leaf l - 6 uncursed food rations m - 4 uncursed figues E - 3 uncursed tripe rations M - 2 uncursed lembas wafers Q - an uncursed sprig of wolfsbane Scrolls u - a blessed scroll of confuse monster v - 2 uncursed scrolls of teleportation w - a cursed scroll of enchant weapon y - an uncursed scroll of identify Spellbooks o - an uncursed spellbook of teleport away Potions p - an uncursed potion of invisibility D - a blessed potion of confusion G - a cursed potion of sickness Rings F - an uncursed ring of polymorph control Wands t - a wand of striking (0:3) Tools x - 8 uncursed tallow candles (0:200) z - an uncursed sack Gems r - 2 uncursed topaz stones N - an uncursed worthless piece of yellowish brown glass Contents of the sack: 1024 gold pieces Spells and supernatural/magical abilities: Name Level Category Fail Memory a - force bolt 1 attack 0% 72% l - light 1 divination 0% 72% t - teleport away 6 escape 100% 96% W - pray for help -- divine ? -- Your skills at the end: Miscellaneous Skills wands [Basic] Weapon Skills quarterstaff [Basic] Spellcasting Skills attack spells [Basic] enchantment spells [Basic] Final Attributes: You were fervently aligned. You were magic-protected. You saw invisible. You had infravision. You were stealthy. You were protected from shape changers. You are dead. Vanquished creatures: 2 giant mimics 2 wargs a quantum mechanic a tengu a giant beetle a wolf 2 winter wolf cubs 2 leprechauns a quivering blob a lizard an owlbear a housecat a dwarf lord a blue jelly a water nymph a dust vortex 4 human zombies 2 imps 2 baby crocodiles 2 fog clouds 2 shriekers a gnome lord a gnomish wizard a kobold mummy a guardian naga hatchling a gray ooze a ghoul 2 straw golems 4 giant ants 4 floating eyes 2 kittens a dwarf a homunculus 3 kobold lords 4 iguanas 9 hill orcs 5 rothes a centipede a giant bat a monkey a wererat 5 coyotes a hobbit 2 geckos a giant rat 10 cave spiders 2 yellow molds a red mold 2 gnomes 10 manes a gnome zombie 2 jackals 2 kobolds 5 newts 2 goblins 2 sewer rats 10 grid bugs 2 lichens 137 creatures vanquished. Voluntary challenges: You were vegetarian. You used a wielded weapon 42 times, starting on turn 4. You did not apply a unicorn horn. You read items or engraved 50 times, starting on turn 516. You never genocided any monsters. You never polymorphed an object. You never changed form. You cheated 2 times but completed Sokoban on turn 4349. You used no wishes. You never split a pudding. You wrote Elbereth's name 11 times, starting on turn 621. You violated your moral code, losing 2 points of alignment, starting on turn 3618. Dungeon overview: The Dungeons of Doom: levels 1 to 15 Level 1 a long staircase Level 2 Level 3 Level 4 a fountain Level 5 Level 6 a fountain Level 7 a fountain Level 8 many fountains Level 9 stairs to Sokoban Level 10 a fountain Level 11 a fountain Level 12 Level 13 a fountain Level 14 a fountain portal to The Quest Level 15 The Quest: Level 1 <- You were here portal to The Dungeons of Doom Sokoban: levels 5 to 8 Level 5 a magic chest Level 6 Level 7 Level 8 a magic chest stairs to The Dungeons of Doom History has recorded: On T:1 you entered the Dungeons of Doom to retrieve the Amulet of Yendor! On T:60 you reached level 2 of The Dungeons of Doom. On T:189 you reached level 3 of The Dungeons of Doom. On T:487 you reached level 4 of The Dungeons of Doom. On T:543 you reached level 5 of The Dungeons of Doom. On T:617 you reached level 6 of The Dungeons of Doom. On T:701 you reached level 7 of The Dungeons of Doom. On T:755 you advanced to experience level 2. On T:759 you advanced to experience level 3. On T:848 you advanced to experience level 4. On T:912 you reached level 8 of The Dungeons of Doom. On T:1060 you advanced to experience level 5. On T:1144 you reached level 9 of The Dungeons of Doom. On T:1189 you reached level 4 of Sokoban. On T:1342 you opened a magic chest. On T:1634 you reached level 3 of Sokoban. On T:1993 you advanced to experience level 6. On T:2416 you reached level 2 of Sokoban. On T:2999 you reached level 1 of Sokoban. On T:3821 you advanced to experience level 7. On T:4349 you entered the Sokoban zoo. On T:4464 you opened a magic chest. On T:4850 you reached level 10 of The Dungeons of Doom. On T:4963 you advanced to experience level 8. On T:5068 you reached level 11 of The Dungeons of Doom. On T:5161 you reached level 12 of The Dungeons of Doom. On T:5234 you reached level 13 of The Dungeons of Doom. On T:5274 you reached level 14 of The Dungeons of Doom. On T:5393 you reached level 15 of The Dungeons of Doom. On T:5616 you reached level 1 of The Quest. Score breakdown: Gold: 1070 ( 107 points) Experience: 8 levels ( 700 points) Exploration: 15 levels ( 420 points) Discoveries: 5 items ( 250 points) Variety of kills: 58 monsters ( 2000 points) Major goal: finished Sokoban ( 1000 points) Survival: died (score multiplied by 3) Total score: 13431 Latest messages: You write in the dust with your fingers. Your writing hand is beginning to cramp. The warg bites! The vampire bat bites! (3x) You die... Final status: Goodbye Fleur the Wizard, killed by a vampire bat... You died in The Quest on dungeon level 1 with 13431 points, and 1070 pieces of gold, after 5672 moves. You were level 8 with a maximum of 50 hit points when you died.